 Dungeon Crawl Stone Soup version 0.30-a0-585-g93115170b9 (webtiles) character file.

Game seed: 3788440644515192102

397346 ragingrage the Fencer (level 23, -6/129 HPs)
             Began as a Tengu Warper on Jan 1, 2023.
             Was an Elder of Yredelemnul.
             Mangled by a vampire knight
             ... wielding a +0 battleaxe
              (16 damage)
             ... while paralysed by a vampire knight
             ... on level 2 of the Depths on Jan 2, 2023.
             The game lasted 02:05:51 (57953 turns).

ragingrage the Fencer (Tengu Warper)               Turns: 57953, Time: 02:05:52

Health: -6/129     AC: 19    Str: 19    XL:     23   Next: 23%
Magic:  5/36       EV:  2    Int: 20    God:    Yredelemnul [****..]
Gold:   1560       SH:  0    Dex: 26    Spells: 14/34 levels left

rFire   + . .      SeeInvis +    a - +9 double sword (flame)
rCold   . . .      Faith    .    f - +1 kite shield {AC+3}
rNeg    . . .      Spirit   .    t - +0 scale mail of the Tundras {Regen+ Dex+4}
rPois   +          Reflect  +    (helmet restricted)
rElec   +          Harm     .    L - +2 cloak
rCorr   +          Rampage  .    D - +2 pair of gloves
Will    +....                    (boots unavailable)
Stlth   ++++                     w - amulet of Ythiutro {Reflect SH+5 SInv}
HPRegen 1.21/turn                o - ring of Butchery {Contam rPois rF+ rCorr}
MPRegen 0.25/turn                x - ring "Gomuimes" {rElec Str+6 Int+5}

@: paralysed, flying quickly and evasively, quick
A: beak, talons 3, nimble flight, frail 1
}: 2/15 runes: serpentine, barnacled
a: Renounce Religion, Recall Undead Harvest, Dark Bargain, Drain Life


You were on level 2 of the Depths.
You worshipped Yredelemnul.
Yredelemnul was most pleased with you.
You visited 9 branches of the dungeon, and saw 40 of its levels.
You visited 1 bazaar.
You also visited: Wizlab and Desolation.

You collected 4038 gold pieces.
You spent 2478 gold pieces at shops.

Inventory:

Hand Weapons
 a - a +9 double sword of flaming (weapon)
 b - the +3 greatsling "Punk" {acid, rCorr}
   (You found it on level 4 of the Shoals)

   Any ammunition fired from it is coated in acid, damaging and corroding those
   it strikes.
   rCorr:     It protects you from acid and corrosion.
 c - a +2 vampiric rapier
Missiles
 d - 5 boomerangs of dispersal
 N - 4 throwing nets
 U - 2 curare-tipped darts
Armour
 f - a +1 kite shield of protection (worn)
 t - the +0 scale mail of the Tundras (worn) {Regen+ Dex+4}
   (You bought it in a shop on level 6 of the Dungeon)

   Dex:       It affects your dexterity (+4).
   Regen:     It increases your rate of health regeneration.
 D - a +2 pair of gloves (worn)
 L - a +2 cloak (worn)
Jewellery
 m - a +6 ring of dexterity
 o - the ring of Butchery (left hand) {Contam rPois rF+ rCorr}
   (You found it in the Desolation of Salt)

   [ring of protection from fire]

   rF:        It protects you from fire.
   rPois:     It protects you from poison.
   Contam:    It causes magical contamination when unequipped.
   rCorr:     It protects you from acid and corrosion.
 w - the amulet of Ythiutro (around neck) {Reflect SH+5 SInv}
   (You found it on level 3 of the Vaults)

   [amulet of reflection]

   It reflects blocked missile attacks.
   SInv:      It lets you see invisible.
   SH:        It affects your SH (+5).
 x - the ring "Gomuimes" (right hand) {rElec Str+6 Int+5}
   (You took it off a tengu reaver on level 3 of the Vaults)

   [ring of strength]

   Str:       It affects your strength (+6).
   Int:       It affects your intelligence (+5).
   rElec:     It insulates you from electricity.
 H - the amulet "Oriuthrel" {Acrobat rF- rC+++ Regen+ Dex+4}
   (You took it off an ironbound convoker on level 4 of the Vaults)

   [amulet of the acrobat]

   It increases your evasion while moving and waiting.
   Dex:       It affects your dexterity (+4).
   rF:        It makes you vulnerable to fire.
   rC:        It renders you almost immune to cold.
   Regen:     It increases your rate of health regeneration.
Wands
 k - a wand of charming (19)
 y - a wand of digging (4)
 B - a wand of flame (84)
 I - a wand of light (9)
 M - a wand of mindburst (34)
 T - a wand of roots (19)
Scrolls
 j - 6 scrolls of immolation
 n - 2 scrolls of enchant weapon
 p - 12 scrolls of teleportation
 q - 6 scrolls of fear
 r - 4 scrolls of magic mapping
 u - 9 scrolls of poison
 G - 4 scrolls of fog
 J - 7 scrolls of blinking
 R - 3 scrolls of silence
 W - 5 scrolls of vulnerability
Potions
 g - 12 potions of might
 h - 4 potions of brilliance
 i - 5 potions of lignification
 l - 16 potions of curing
 s - 12 potions of heal wounds
 z - a potion of magic
 A - 5 potions of haste
 C - 6 potions of berserk rage
 E - 6 potions of attraction
 F - a potion of cancellation
 K - 3 potions of resistance
 O - a potion of ambrosia
 P - 9 potions of mutation
 S - 5 potions of invisibility
Miscellaneous
 e - a condenser vane (inert)
 v - a box of beasts
 V - a phantom mirror


   Skills:
 - Level 15.0 Fighting
 - Level 16.0 Long Blades
 + Level 11.9 Ranged Weapons
 - Level 1.0 Throwing
 - Level 11.0 Armour
 - Level 15.0 Dodging
 - Level 10.0 Stealth
 - Level 15.0 Shields
 - Level 6.0 Spellcasting
 - Level 14.0 Translocations
 - Level 10.0 Air Magic
 - Level 16.0 Invocations
 - Level 12.0 Evocations


You had 14 spell levels left.
You knew the following spells:

 Your Spells              Type           Power      Damage    Failure   Level
a - Apportation           Tloc           100%       N/A       1%          1
b - Blink                 Tloc           100%       N/A       1%          2
c - Vhi's Electric Charg  Tloc/Air       100%       N/A       1%          3
d - Manifold Assault      Tloc           58%        N/A       1%          4
e - Lesser Beckoning      Tloc           100%       N/A       1%          3
f - Passage of Golubria   Tloc           58%        N/A       1%          4
g - Swiftness             Air            46%        N/A       2%          3

Your spell library contained the following spells:

 Spells                   Type           Power      Damage    Failure   Level
 Teleport Other           Tloc           58%        N/A       1%          3
 Airstrike                Air            23%        2d(4-20)  7%          4
 Static Discharge         Conj/Air       52%        2-5/arc   9%          2
 Iskenderun's Mystic Bla  Conj/Tloc      34%        2d8       24%         4
 Beastly Appendage        Tmut           12%        N/A       41%         1
 Foxfire                  Conj/Fire      24%        2x1d5     41%         1
 Magic Dart               Conj           24%        1d4       41%         1
 Necrotise                Necr           24%        1d5       41%         1
 Summon Small Mammal      Summ           24%        N/A       41%         1
 Summon Lightning Spire   Summ/Air       26%        N/A       50%         4
 Ensorcelled Hibernation  Hex/Ice        12%        N/A       54%         2
 Passwall                 Tmut/Erth      5%         N/A       54%         2
 Summon Forest            Summ/Tloc      17%        N/A       56%         5
 Call Canine Familiar     Summ           6%         N/A       78%         3
 Dazzling Flash           Conj/Hex       12%        N/A       78%         3
 Frozen Ramparts          Ice            12%        1d2       78%         3
 Hailstorm                Conj/Ice       6%         3d4       78%         3
 Ignite Poison            Fire/Tmut/Pois 6%         N/A       78%         3
 Spider Form              Tmut/Pois      6%         N/A       78%         3
 Stone Arrow              Conj/Erth      12%        3d7       78%         3
 Summon Guardian Golem    Hex/Summ       6%         N/A       78%         3
 Tukima's Dance           Hex            6%         N/A       78%         3
 Arcjolt                  Conj/Air       13%        1d23      83%         5
 Lightning Bolt           Conj/Air       13%        1d26      83%         5
 Anguish                  Hex/Necr       3%         N/A       99%         4
 Animate Armour           Summ/Erth      12%        N/A       99%         4
 Dispel Undead            Necr           6%         3d8       99%         4
 Ice Form                 Ice/Tmut       6%         N/A       99%         4
 Olgreb's Toxic Radiance  Pois           6%         N/A       99%         4
 Summon Ice Beast         Ice/Summ       6%         N/A       99%         4
 Alistair's Intoxication  Tmut/Pois      4%         N/A       100%        5
 Blade Hands              Tmut           3%         N/A       100%        5
 Borgnjor's Vile Clutch   Necr/Erth      3%         N/A       100%        5
 Fireball                 Conj/Fire      3%         3d4       100%        5
 Irradiate                Conj/Tmut      3%         3d12      100%        5
 Iskenderun's Battlesphe  Conj           6%         2d6       100%        5
 Yara's Violent Unravell  Hex/Tmut       3%         3d4       100%        5
 Conjure Ball Lightning   Conj/Air       13%        3x3d7     100%        6
 Eringya's Noxious Bog    Tmut/Pois      3%         N/A       100%        6
 Iron Shot                Conj/Erth      3%         9d2       100%        6
 Starburst                Conj/Fire      3%         6d3       100%        6
 Statue Form              Tmut/Erth      4%         N/A       100%        6
 Dragon Form              Tmut           3%         N/A       100%        7
 Enfeeble                 Hex            3%         N/A       100%        7
 Malign Gateway           Summ/Tloc      17%        N/A       100%        7
 Orb of Destruction       Conj           3%         9d5       100%        7
 Ozocubu's Refrigeration  Ice            3%         4d8       100%        7
 Spellforged Servitor     Conj/Summ      3%         N/A       100%        7
 Storm Form               Tmut/Air       13%        N/A       100%        7
 Ignition                 Fire           3%         3d4       100%        8
 Maxwell's Capacitive Co  Air            23%        ∞         100%        8
 Animate Dead             Necr           Unusable   N/A       N/A         4
 Simulacrum               Ice/Necr       Unusable   N/A       N/A         6

Dungeon Overview and Level Annotations

Branches:
Dungeon (15/15)            Temple (1/1) D:7            Lair (5/5) D:8
 Shoals (4/4) Lair:2        Snake (4/4) Lair:3        Slime (0/5) Lair:4
    Orc (2/2) D:10            Elf (3/3) Orc:2        Vaults (4/5) D:13
  Crypt (0/3) Vaults:2     Depths (2/4) D:15         WizLab (visited)
Desolation (visited)

Altars:
Ashenzari
Cheibriados
Dithmenos
Elyvilon
Fedhas
Gozag
Hepliaklqana
Kikubaaqudgha
Makhleb
Nemelex Xobeh
Okawaru
Qazlal
Ru
Sif Muna
Trog
Uskayaw
Vehumet
Wu Jian
Xom
Yredelemnul
Zin
The Shining One

Shops:
D:6 [   D:7 *   D:9 =   D:15 ?   Orc:2 *(:[   Elf:1 [   Shoals:1 **[[
Snake:1 (   Snake:2 ([   Snake:3 :=:[   Vaults:4 (

Portals:
Hell: Depths:1
Abyss: Depths:1
Pandemonium: Depths:2
Trove: Elf:2 (give +8 demon trident)

Annotations:
Snake:3 2 transporters, sirJeffrey23's ghost, adept HOFi
Elf:2 3 runed translucent doors
Elf:3 1 exclusion
Vaults:4 1 runed translucent door, Ohauren's ghost, adept GnHu


Innate Abilities, Weirdness & Mutations

You have a beak for a mouth.
You have claws for feet.
Your magical nature lets you fly swiftly and evasively.
You are frail. (-10% HP)


Message History

The vampire knight bites you but does no damage.
The tentacled monstrosity tentacle-slaps your bound golden dragon. x3
Your bound golden dragon bites the tentacled monstrosity!!
Your bound golden dragon claws the tentacled monstrosity.
Your bound golden dragon tramples the tentacled monstrosity!
The tentacled monstrosity holds its ground!
Your spectral hell knight barely misses the vampire knight.
The vampire knight hits you with a +0 battleaxe!!
* * * LOW HITPOINT WARNING * * *
The vampire knight hits your spectral hell knight with a +0 battleaxe!!
The vampire knight bites you but does no damage.
The tentacled monstrosity tentacle-slaps your bound golden dragon but does no damage. x2
The tentacled monstrosity completely misses your bound golden dragon.
The vampire knight hits you with a +0 battleaxe.
* * * LOW HITPOINT WARNING * * *
The vampire knight hits your spectral hell knight with a +0 battleaxe!
Your spectral hell knight is destroyed!
The vampire knight bites you.
* * * LOW HITPOINT WARNING * * *
The vampire knight draws strength from your injuries!
Your bound golden dragon bites the tentacled monstrosity!!
Your bound golden dragon claws the tentacled monstrosity.
Your bound golden dragon tramples the tentacled monstrosity!
The tentacled monstrosity stumbles backwards!
The tentacled monstrosity dies!
A black mist starts to gather...
You can now drain ambient life force.
The vampire knight hits you with a +0 battleaxe.
* * * LOW HITPOINT WARNING * * *
The vampire knight bites you.
* * * LOW HITPOINT WARNING * * *
The vampire knight draws strength from your injuries!
The vampire knight hits you with a +0 battleaxe!
* * * LOW HITPOINT WARNING * * *
The vampire knight bites you.
* * * LOW HITPOINT WARNING * * *
The vampire knight draws strength from your injuries!
The vampire knight hits you with a +0 battleaxe!
You die...
Your body rises from the dead as a mindless zombie.

..' ..# ...
#########'##
#(..[#.....#
####'###.§...#$#
.#.#..§§#§§#§§§.#
.#.'..§@V§Z.§Z#
##.#.#.(.§#§§§§§#
#..#.#....###+###
# ####.#####'### #
###.##.#Z#.....#
###.(....#.#.....#
.#...##..).'.⌠#..+
.#...#...#.#.....#
.'...#...#.#.....#


You could see a vampire knight (fast, ally target), a friendly spectral
tentacled monstrosity and a friendly bound golden dragon.

Vanquished Creatures
  A dread lich (Vaults:3)
  Mara (Depths:1)
  Mlioglotl (Snake:4)
  A lich (Vaults:3)
  A walking crystal tome (Depths:2)
  A kraken (Shoals:4)
  2 sphinxes
  2 tengu reavers
  Kirke (D:15)
  4 nagarajas
  3 fire giants
  A frost giant (Depths:2)
  3 orc warlords
  2 imperial myrmidons (Desolation)
  2 vault wardens
  5 spectral caustic shrikes (Depths:2)
  A caustic shrike zombie (Depths:2)
  5 ironbound preservers
  7 ironbound thunderhulks
  11 very ugly things
  3 war gargoyles
  7 stone giants
  3 deep elf demonologists
  5 dire elephants
  A deep elf annihilator (Elf:1)
  10 purple draconians (WizLab)
  A minotaur (Shoals:4)
  A halazid warlock (Desolation)
  3 ettins
  A merfolk javelineer (Shoals:1)
  8 statues (WizLab)
  5 crystal guardians
  3 merfolk impalers
  A quicksilver dragon zombie (Depths:2)
  2 fire dragons (Depths:2)
  6 ragged hierophants (Desolation)
  7 yaktaur captains
  4 great orbs of eyes
  15 vault guards
  Josephine (D:11)
  A rakshasa (Depths:1)
  4 hydras
  9 servants of whispers (Desolation)
  An ice dragon (Depths:2)
  8 peacekeepers
  5 centaur warriors
  2 merfolk avatars (Shoals:2)
  2 two-headed ogres (D:12)
  8 anacondas
  3 satyrs (Shoals:4)
  7 ironbound frosthearts
  5 catoblepae (Lair:5)
  6 death yaks
  A merfolk aquamancer (Shoals:3)
  4 boulder beetles
  14 dancing weapons
  4 deep troll shamans
  6 tengu warriors
  12 naga warriors
  4 shock serpents
  A deep troll earth mage (Depths:1)
  A spriggan berserker (Depths:1)
  An orc high priest (Orc:2)
  3 vampire magi
  9 naga sharpshooters
  6 hell knights
  6 deep elf knights
  Amaemon (Lair:3)
  5 skeletal warriors
  A salamander mystic (Snake:3)
  3 glowing orange brains
  16 deep trolls
  4 iron trolls (Depths:1)
  2 spriggan riders (Depths:1)
  2 sea snakes (Shoals:2)
  A flayed ghost (Depths:1)
  Pikel (D:4)
  5 naga ritualists
  3 deep elf archers
  5 phantasmal warriors
  13 ironbound convokers
  9 deep elf zephyrmancers
  3 lindwurms (Vaults:1)
  4 wizards
  A tengu skeleton (Depths:2)
  A sphinx zombie (Depths:2)
  27 harpies
  4 necromancers
  The ghost of yumyumyeen the Slasher, a novice DsMo of Dithmenos (D:6)
  3 orc knights
  10 mana vipers
  21 deep elf pyromancers
  6 orc sorcerers (Orc:2)
  A shining eye (shapeshifter) (Depths:1)
  17 ugly things
  6 fauns
  14 manticores
  5 cyclopes
  6 salamanders
  7 elephants (Lair:5)
  7 guardian serpents
  4 water nymphs
  15 naga magi
  7 merfolk sirens
  32 black mambas
  Joseph (D:9)
  A gargoyle (D:12)
  A torpor snail (Lair:4)
  11 vault sentinels
  2 ice statues (Elf:1)
  2 smoke demons (Depths:1)
  An orange demon (Lair:3)
  6 cane toads
  A rime drake (Lair:4)
  A freezing wraith (Vaults:3)
  4 unseen horrors
  A kobold demonologist (D:12)
  An efreet (D:14)
  22 yaktaurs
  8 komodo dragons
  A yaktaur (shapeshifter) (D:14)
  17 tengu conjurers
  17 merfolk
  2 wind drakes (Shoals:1)
  A hornet (Depths:1)
  6 trolls
  A tarantella (Vaults:3)
  54 saltlings (Desolation)
  A stone giant simulacrum (Depths:2)
  8 dream sheep
  2 snapping turtles
  32 slime creatures
  An ettin zombie (Depths:2)
  A spriggan (shapeshifter) (D:14)
  A vampire (D:12)
  2 spriggans (Depths:1)
  A shadow (D:12)
  5 wyverns
  A slime creature (shapeshifter) (Vaults:2)
  43 yaks
  6 wraiths
  10 water elementals
  A fire elemental (Elf:2)
  A yak (shapeshifter) (D:15)
  5 basilisks
  2 hogs (D:15)
  A human (Lair:3)
  A steam dragon (D:6)
  A glowing shapeshifter zombie (Depths:2)
  3 wargs
  9 vampire mosquitoes
  34 nagas
  4 acid dragons
  An acid dragon (shapeshifter) (D:14)
  A hydra simulacrum (Lair:1)
  11 water moccasins
  A floating eye (shapeshifter) (Vaults:4)
  2 sky beasts
  An ice beast (D:5)
  A black bear (shapeshifter) (D:13)
  20 orc warriors
  2 black bears
  A black mamba simulacrum (Lair:1)
  6 centaurs
  7 wolves
  6 ogres
  A boggart (Vaults:1)
  2 lemures (D:4)
  2 phantoms
  5 kobold brigands
  12 bullfrogs
  3 gnoll sergeants
  2 earth elementals (Elf:2)
  2 scorpions
  3 cane toad simulacra (Lair:1)
  16 wights
  5 killer bees (D:9)
  3 electric eels
  7 howler monkeys
  4 quasits (D:6)
  2 jellies (D:4)
  A hound (D:7)
  7 orc priests
  4 iguanas
  22 orc wizards
  Natasha (thrice) (D:4)
  8 gnolls
  7 adders
  4 worms
  A dart slug (D:1)
  46 orcs
  14 endoplasms
  A giant cockroach (D:3)
  13 goblins
  12 hobgoblins
  3 jackals (D:2)
  32 kobolds
  8 quokkas
  2 training dummies (D:5)
  6 ball pythons
  6 bats
  3 frilled lizards (D:2)
  9 rats
  A pillar of salt (Desolation)
  2 tentacles (Shoals:4)
1230 creatures vanquished.

Vanquished Creatures (collateral kills)
  Jorgrun (Snake:2)
  A tentacled monstrosity (Depths:2)
  A tengu reaver (Vaults:3)
  2 sphinxes (Shoals:4)
  A shadow dragon (Vaults:3)
  Roxanne (Snake:1)
  7 nagarajas
  A draconian knight (WizLab)
  5 vault wardens
  A spectral caustic shrike (Depths:2)
  Aizul (Vaults:1)
  A balrug (Depths:1)
  6 ironbound preservers
  A ghoul (Vaults:2)
  2 ironbound thunderhulks
  A stone giant (Depths:1)
  A deep elf annihilator (Vaults:3)
  4 very ugly things
  2 dire elephants
  A spark wasp (Depths:2)
  A minotaur (Shoals:4)
  A statue (WizLab)
  A crystal guardian (Vaults:3)
  2 merfolk javelineers
  A merfolk impaler (Shoals:2)
  Snorg (D:13)
  8 slime creatures
  A yaktaur captain (Vaults:2)
  2 great orbs of eyes (Vaults:3)
  A rakshasa (Depths:2)
  An entropy weaver (Vaults:3)
  An ice dragon (Depths:1)
  2 salamander tyrants (Snake:4)
  2 servants of whispers (Desolation)
  2 hydras
  A spriggan air mage (Depths:1)
  4 merfolk avatars
  9 satyrs (Shoals:4)
  2 merfolk aquamancers (Shoals:4)
  2 ironbound frosthearts
  2 boulder beetles
  5 death yaks
  2 centaur warriors
  A peacekeeper (Vaults:2)
  2 alligator snapping turtles
  10 naga warriors
  An anaconda (Snake:4)
  7 naga sharpshooters
  An orc high priest (Orc:2)
  2 dancing weapons
  A spriggan berserker (Depths:1)
  6 hell knights
  A shock serpent (Snake:4)
  2 deep elf knights (Elf:1)
  An iron troll (Depths:1)
  A salamander mystic (Snake:4)
  6 deep trolls
  The ghost of HyperVT the Zephyrmancer, a novice TeAE (Lair:1)
  5 naga ritualists
  3 sea snakes
  3 ironbound convokers
  20 harpies
  2 necromancers
  An orc knight (Vaults:4)
  A wizard (Vaults:2)
  4 deep elf pyromancers
  2 mana vipers
  An orc sorcerer (Orc:2)
  5 ugly things
  8 manticores
  9 fauns
  A cyclops (D:13)
  7 salamanders
  6 guardian serpents (Snake:4)
  7 merfolk sirens
  9 black mambas
  An elephant (Lair:5)
  6 vault sentinels
  3 naga magi
  A cane toad (Lair:1)
  2 komodo dragons
  A rime drake (Lair:2)
  7 yaktaurs
  A tengu conjurer (WizLab)
  2 hornets
  A saltling (Desolation)
  17 merfolk
  2 wind drakes (Shoals:4)
  7 dream sheep
  6 snapping turtles
  20 yaks
  5 water elementals
  An air elemental (Elf:1)
  A basilisk (Lair:5)
  A wyvern (Lair:5)
  3 vampire mosquitoes
  13 nagas
  A harpy simulacrum (D:15)
  3 water moccasins (Lair:5)
  6 orc warriors
  A hornet zombie (Depths:1)
  An ogre (Orc:2)
  5 wolves
  A howler monkey (D:12)
  A torpor snail simulacrum (Lair:1)
  An orc priest (Orc:2)
  4 orc wizards
  A gnoll (D:12)
  A white imp (D:8)
  7 orcs
  6 kobolds
  A bush (Lair:1)
  2 plants (Shoals:2)
  3 tentacles (Shoals:4)
378 creatures vanquished.

Vanquished Creatures (others)
  A spectral storm dragon (Vaults:4)
  5 very ugly thing zombies
  A salamander tyrant (Snake:3)
  A spectral rakshasa (Depths:1)
  spectral Mlioglotl (Snake:4)
  3 spectral humans
  A spectral ice dragon (Depths:2)
  3 anaconda zombies
  5 ugly thing zombies
  A stone giant zombie (Depths:2)
  2 fire giant zombies (Vaults:3)
  2 shock serpent zombies
  A dire elephant zombie (Vaults:4)
  A death yak zombie (Lair:3)
  2 minotaur zombies (Shoals:4)
  A catoblepas zombie (Lair:5)
  2 unseen horror zombies
  2 purple draconian zombies (WizLab)
  An iron troll zombie (Depths:1)
  A spectral glowing orange brain (Depths:1)
  2 hydra zombies (Lair:3)
  2 mana viper zombies
  20 harpy zombies
  A fire dragon zombie (Depths:2)
  A guardian serpent zombie (Snake:2)
  7 satyr zombies (Shoals:4)
  14 black mamba zombies
  9 slime creature zombies
  2 humans (D:15)
  A spectral orange demon (Lair:3)
  A faun zombie (Shoals:4)
  A water nymph zombie (Shoals:4)
  A cane toad zombie (Lair:3)
  8 tengu zombies
  3 deep troll zombies
  A spectral shining eye (Depths:1)
  A spectral efreet (D:14)
  3 elf zombies (Elf:1)
  37 human zombies
  4 elephant zombies (Lair:5)
  6 dream sheep zombies
  A snapping turtle zombie (Shoals:2)
  4 manticore zombies
  2 merfolk zombies
  A rime drake zombie (Lair:4)
  5 vampire mosquito zombies
  7 salamander zombies
  10 yaktaur zombies
  3 komodo dragon zombies
  2 wyvern zombies (D:8)
  8 water moccasin zombies
  A cyclops zombie (D:13)
  A warg zombie (Orc:2)
  A demonspawn zombie (Lair:3)
  9 yak zombies
  4 spriggan zombies
  A troll zombie (Orc:2)
  4 wolf zombies
  2 centaur zombies
  A basilisk zombie (Lair:5)
  A black bear zombie (D:13)
  3 acid dragon zombies
  3 ogre zombies (Orc:2)
  35 naga zombies
  3 howler monkey zombies
  A spectral electric eel (D:12)
  3 orcs (D:15)
  6 gnoll zombies
  8 kobold zombies
  40 orc zombies
  91 fungi
  A pillar of salt (Desolation)
  120 plants
  10 tentacles (Shoals:4)
  7 toadstools (D:4)
  11 withered plants
572 creatures vanquished.

Grand Total: 2180 creatures vanquished

Notes
Turn   | Place    | Note
-------+----------+-------------------------------------------
     0 | D:1      | ragingrage the Tengu Warper began the quest for the Orb.
     0 | D:1      | Reached XP level 1. HP: 12/12 MP: 4/4
   106 | D:1      | Learned a level 1 spell: Apportation
   150 | D:1      | Reached skill level 1 in Stealth
   156 | D:1      | You fall into a shaft and drop 1 floor!
   167 | D:1      | Reached XP level 2. HP: 17/17 MP: 6/6
   338 | D:1      | Reached XP level 3. HP: 19/21 MP: 7/7
  1333 | D:2      | Learned a level 2 spell: Blink
  1397 | D:2      | Reached XP level 4. HP: 8/26 MP: 8/8
  1793 | D:2      | Found an ornate altar of the Wu Jian Council.
  2218 | D:2      | Gained mutation: Your magical nature lets you fly swiftly
                  | and evasively. [Tengu growth]
  2218 | D:2      | Reached XP level 5. HP: 11/30 MP: 9/9
  2531 | D:3      | Found a bloodstained altar of Trog.
  3115 | D:4      | Reached skill level 5 in Long Blades
  3115 | D:4      | Reached XP level 6. HP: 31/35 MP: 10/10
  3119 | D:4      | Learned a level 3 spell: Vhi's Electric Charge
  3372 | D:4      | Noticed Natasha
  3382 | D:4      | Killed Natasha
  3667 | D:4      | Noticed Pikel
  4524 | D:4      | Noticed Natasha
  4537 | D:4      | Killed Natasha
  4538 | D:4      | Reached XP level 7. HP: 27/40 MP: 11/11
  4736 | D:4      | Noticed Natasha
  4744 | D:4      | Killed Natasha
  5048 | D:4      | Killed Pikel
  5049 | D:4      | Reached XP level 8. HP: 32/44 MP: 12/12
  5230 | D:5      | Entered Level 5 of the Dungeon
  5905 | D:6      | Reached skill level 10 in Long Blades
  6217 | D:6      | Found a transporter.
  6222 | D:6      | Noticed yumyumyeen's ghost (novice DsMo)
  6238 | D:6      | Found a transporter.
  6254 | D:6      | Identified the +3 ring mail of Irksome Curiosity {Contam
                  | Regen+ SInv Stlth+}
  6417 | D:6      | Reached skill level 5 in Stealth
  6692 | D:6      | Reached XP level 9. HP: 46/48 MP: 13/13
  6742 | D:6      | Found Goashet's Antique Armour Emporium.
  7073 | D:7      | Reached skill level 5 in Fighting
  7153 | D:7      | Found a staircase to the Ecumenical Temple.
  7167 | Temple   | Entered the Ecumenical Temple
  7272 | Temple   | Became a worshipper of Yredelemnul the Dark
  7301 | D:7      | Reached * piety under Yredelemnul
  7302 | D:7      | Reached skill level 1 in Evocations
  7366 | D:7      | Reached ** piety under Yredelemnul
  7404 | D:7      | Found a sacrificial altar of Ru.
  7421 | D:7      | Noticed a hornet
  7430 | D:7      | Killed a hornet
  7431 | D:7      | Reached *** piety under Yredelemnul
  7494 | D:7      | Found Eso Los's Overcharged Wands.
  8055 | D:9      | Reached XP level 10. HP: 35/59 MP: 14/14
  8055 | D:9      | Noticed Joseph
  8061 | D:9      | Killed Joseph
  8161 | D:9      | Learned a level 4 spell: Manifold Assault
  8193 | D:9      | Found Hoggono's Jewellery Shoppe.
  8319 | D:9      | Reached skill level 5 in Dodging
  8476 | D:9      | Reached skill level 5 in Armour
  8510 | D:9      | Reached skill level 1 in Invocations
  8551 | D:9      | Found a hazy altar of Hepliaklqana.
  8624 | D:9      | Found a broken altar of Ashenzari.
  8843 | D:10     | Entered Level 10 of the Dungeon
  8906 | D:10     | Found a staircase to the Orcish Mines.
  9805 | D:10     | Reached skill level 5 in Translocations
  9812 | D:10     | Reached XP level 11. HP: 58/63 MP: 15/15
 10269 | D:8      | Found a staircase to the Lair.
 11413 | D:11     | Noticed a red ugly thing
 11452 | D:11     | Killed a red ugly thing
 11514 | D:11     | Noticed a cyan ugly thing
 11555 | D:11     | Killed a cyan ugly thing
 11645 | D:11     | Noticed a manticore
 11655 | D:11     | Killed a manticore
 11738 | D:11     | Learned a level 3 spell: Lesser Beckoning
 11885 | D:11     | Reached **** piety under Yredelemnul
 11886 | D:11     | Reached skill level 5 in Invocations
 12166 | D:12     | Noticed a manticore
 12166 | D:12     | Noticed a two-headed ogre
 12190 | D:12     | Killed a two-headed ogre
 12191 | D:12     | Reached XP level 12. HP: 66/68 MP: 16/16
 12197 | D:12     | Noticed Josephine
 12527 | Lair:1   | Entered Level 1 of the Lair of Beasts
 12841 | Lair:1   | Reached skill level 1 in Shields
 13177 | Lair:1   | Found a runed translucent gate.
 13178 | Lair:1   | Found a runed translucent gate.
 13178 | Lair:1   | Found a runed translucent gate.
 13180 | Lair:1   | Noticed HyperVT's ghost (novice TeAE)
 14095 | Lair:2   | Found a staircase to the Shoals.
 14617 | Lair:3   | Noticed Amaemon
 14642 | Lair:3   | Killed Amaemon
 14726 | Lair:3   | Noticed a death yak
 14730 | Lair:3   | Killed a death yak
 14764 | Lair:3   | Noticed a death yak
 14767 | Lair:3   | Noticed a death yak
 14770 | Lair:3   | Noticed a death yak
 14771 | Lair:3   | Noticed a death yak
 14771 | Lair:3   | Noticed a death yak
 14780 | Lair:3   | Killed a death yak
 14781 | Lair:3   | Reached skill level 10 in Dodging
 14785 | Lair:3   | Your ally Amaemon died
 14856 | Lair:3   | Killed a death yak
 14857 | Lair:3   | Reached skill level 5 in Shields
 14999 | Lair:3   | Noticed a five-headed hydra
 15138 | Lair:3   | Reached XP level 13. HP: 57/72 MP: 17/17
 15264 | Lair:3   | Found a staircase to the Snake Pit.
 16172 | Lair:4   | Reached ***** piety under Yredelemnul
 16524 | Lair:4   | Found a staircase to the Slime Pits.
 16768 | Lair:5   | Entered Level 5 of the Lair of Beasts
 17465 | Lair:5   | Reached XP level 14. HP: 78/78 MP: 19/19
 17477 | Lair:5   | Reached ****** piety under Yredelemnul
 18630 | Lair:3   | Found a runed translucent door.
 18661 | Lair:3   | Got the Compendium of the Supportive Cumulonimbus
 19147 | D:11     | Reached skill level 10 in Translocations
 19289 | D:11     | Killed Josephine
 19294 | D:11     | Reached skill level 15 in Long Blades
 20092 | D:12     | Reached skill level 1 in Air Magic
 20338 | D:12     | Reached XP level 15. HP: 48/82 MP: 10/21
 20360 | D:12     | Identified the +4 scimitar of Feiplet {venom, rN+ Str+6}
 20587 | D:13     | Noticed Snorg
 20676 | D:13     | Killed Snorg
 21100 | D:13     | Found a gate to the Vaults.
 21135 | D:13     | Reached skill level 10 in Shields
 23569 | D:15     | Entered Level 15 of the Dungeon
 23569 | D:15     | Found a flickering gateway to a bazaar.
 23587 | Bazaar   | Entered a bazaar
 23587 | Bazaar   | Found Vahodymaju's Jewellery Shoppe.
 23587 | Bazaar   | Found Selu Qyl's Book Emporium.
 23589 | Bazaar   | Found Zoskijef's Jewellery Shoppe.
 23605 | Bazaar   | Found Tenas's Distillery.
 23613 | Bazaar   | Bought a potion of curing for 36 gold pieces
 23613 | Bazaar   | Bought a potion of heal wounds for 60 gold pieces
 23613 | Bazaar   | Bought a potion of attraction for 36 gold pieces
 23613 | Bazaar   | Bought 2 potions of berserk rage for 120 gold pieces
 23613 | Bazaar   | Bought a potion of attraction for 36 gold pieces
 23631 | Bazaar   | Bought the ring of Xom's Ringing Laughter {rPois Str+4} for
                  | 672 gold pieces
 23658 | D:15     | Identified a scroll of acquirement
 23658 | D:15     | Acquired a manual of Invocations
 23672 | D:15     | Noticed Kirke
 23685 | D:15     | Killed Kirke
 23686 | D:15     | Reached skill level 5 in Air Magic
 23760 | D:15     | Found a staircase to the Depths.
 23926 | D:15     | Noticed Louise
 23938 | D:15     | Killed Louise
 23938 | D:15     | Enslaved Louise
 23987 | D:15     | Found The Oracle's Delphic Readings.
 23991 | D:15     | Bought a scroll of teleportation for 48 gold pieces
 24542 | Orc:1    | Entered Level 1 of the Orcish Mines
 24682 | Orc:1    | Found a shimmering blue altar of Sif Muna.
 24855 | Orc:2    | Entered Level 2 of the Orcish Mines
 24921 | Orc:2    | Found Mauduu's Book Emporium.
 25048 | Orc:2    | Reached skill level 5 in Spellcasting
 25054 | Orc:2    | Noticed an orc warlord
 25077 | Orc:2    | Killed an orc warlord
 25271 | Orc:2    | Found Zoxzuoh's Antique Armour Shoppe.
 25414 | Orc:2    | Found a staircase to the Elven Halls.
 25418 | Orc:2    | Noticed an orc warlord
 25443 | Orc:2    | Reached XP level 16. HP: 83/87 MP: 24/24
 25470 | Orc:2    | Your ally Louise died
 25648 | Orc:2    | Found Kikimur's General Store.
 25652 | Orc:2    | Found Fixtosim's Antique Weapon Shoppe.
 25883 | Orc:2    | Bought a warped triple sword for 510 gold pieces
 25883 | Orc:2    | Identified the +3 triple sword of Tikabbob {freeze, Stlth+}
                  | (You bought it in a shop on level 2 of the Orcish Mines)
 26042 | Snake:1  | Entered Level 1 of the Snake Pit
 26053 | Snake:1  | Reached skill level 10 in Invocations
 26611 | Snake:1  | Found Ninyshey's Antique Weapon Boutique.
 26694 | Snake:1  | Bought a runed rapier for 203 gold pieces
 26940 | Snake:1  | Identified Roxanne's Precepts of the Shapeshifter
 26940 | Snake:1  | Noticed Roxanne
 26959 | Snake:1  | Killed Roxanne
 27664 | Snake:2  | Found Laitroon's Armour Boutique.
 27679 | Snake:2  | Noticed Donald
 28522 | Snake:2  | Noticed Jorgrun
 28530 | Snake:2  | Killed Jorgrun
 28887 | Snake:2  | Reached skill level 5 in Evocations
 28891 | Snake:2  | Found an ancient bone altar of Kikubaaqudgha.
 28902 | Snake:2  | Found Kehotoqump's Weapon Boutique.
 29102 | Snake:2  | Killed Donald
 29102 | Snake:2  | Enslaved Donald
 29225 | Snake:3  | Reached XP level 17. HP: 95/95 MP: 14/26
 29453 | Snake:3  | Found Semaph's Book Shop.
 29454 | Snake:3  | Found Qoesk's Jewellery Shoppe.
 29455 | Snake:3  | Found Xophyh's Book Shop.
 29485 | Snake:3  | Found the +8 whip "Snakebite" {venom, curare, rPois}
 30254 | Snake:3  | Found Cidai's Antique Armour Shoppe.
 30276 | Snake:3  | Bought a warped scale mail for 261 gold pieces
 30276 | Snake:3  | Identified the +2 scale mail "Nosseg" {rCorr Str+4 Int+4}
                  | (You bought it in a shop on level 3 of the Snake Pit)
 30276 | Snake:3  | Bought a runed cloak for 217 gold pieces
 30935 | Snake:3  | Found a transporter.
 30935 | Snake:3  | Found a transporter.
 31062 | Snake:3  | Noticed sirJeffrey23's ghost (adept HOFi)
 31301 | Snake:4  | Entered Level 4 of the Snake Pit
 31515 | Snake:4  | Noticed Mlioglotl
 31619 | Snake:4  | Killed Mlioglotl
 33079 | Snake:4  | Reached XP level 18. HP: 104/104 MP: 3/28
 33080 | Snake:4  | Your ally Mlioglotl died
 33339 | Snake:4  | Got a serpentine rune of Zot
 33524 | Shoals:1 | Entered Level 1 of the Shoals
 33571 | Shoals:1 | Found Kajek's Antique Armour Emporium.
 33584 | Shoals:1 | Found Laeguav's General Store.
 33854 | Shoals:1 | Found Roaral Gedoa's Armour Shoppe.
 34141 | Shoals:1 | Found Dousk's General Store.
 35224 | Shoals:2 | Reached skill level 10 in Fighting
 35986 | Shoals:3 | Reached skill level 15 in Invocations
 36584 | Shoals:4 | Entered Level 4 of the Shoals
 36589 | Shoals:3 | Reached XP level 19. HP: 97/113 MP: 26/31
 37301 | Shoals:4 | Found the +3 greatsling "Punk" {acid, rCorr}
 37678 | Shoals:4 | Identified the +1 ring mail of Xiucub {rElec}
 37854 | Shoals:4 | Got a barnacled rune of Zot
 38182 | D:6      | Killed yumyumyeen's ghost
 38301 | Lair:1   | Killed HyperVT's ghost
 38655 | Elf:1    | Entered Level 1 of the Elven Halls
 38751 | Elf:1    | Found a crumbling gateway.
 38774 | Desolati | Entered the Desolation of Salt
 38856 | Desolati | Reached skill level 10 in Evocations
 38925 | Desolati | Identified the ring of the Past {rPois Str+3}
 39135 | Desolati | Reached XP level 20. HP: 114/124 MP: 17/32
 39275 | Desolati | Got Faheraur's Verses on the Arctic Flock
 39282 | Desolati | Identified the ring of Butchery {Contam rPois rF+ rCorr}
 39290 | Desolati | Got the Elucidation of Attendants
 39354 | Desolati | Identified the +0 great sword "Esinaxag" {flame, Dex+4}
 39354 | Desolati | Identified the ring "Gyvuz" {Contam rN++ MP+9 Str+6 Int+2}
 39544 | Desolati | Reached skill level 10 in Stealth
 39820 | Desolati | Identified the +0 helmet of Heetz {SInv}
 39828 | Desolati | Identified the amulet "Batud" {Acrobat rPois rC+++ Will-
                  | Dex+2}
 39831 | Desolati | Got the Compendium of the Warped Autopsy
 39881 | Desolati | Identified the +2 crystal plate armour of Nygetheir
                  | {Slay+5}
 40557 | Elf:1    | Found Cosiaw's Antique Armour Emporium.
 40578 | Elf:1    | Paralysed by an air elemental for 1 turns
 40664 | Elf:1    | Identified the +7 shortbow of Vipp {drain, Contam rPois rC+
                  | MP+9}
 41539 | Elf:2    | Found a runed translucent gate.
 41539 | Elf:2    | Found a runed translucent gate.
 41539 | Elf:2    | Found a runed translucent gate.
 41721 | Elf:2    | Learned a level 4 spell: Passage of Golubria
 41725 | Elf:2    | Learned a level 3 spell: Swiftness
 42248 | Elf:2    | Found a portal to a secret trove of treasure.
 42429 | Elf:3    | Entered Level 3 of the Elven Halls
 42602 | Vaults:1 | Entered Level 1 of the Vaults
 42615 | Vaults:1 | Reached skill level 10 in Armour
 43152 | Vaults:1 | Found Heywoelo's Book Emporium.
 43521 | Vaults:1 | Noticed Aizul
 43533 | Vaults:1 | Killed Aizul
 44391 | Vaults:2 | Reached XP level 21. HP: 132/132 MP: 11/33
 45018 | Vaults:2 | Found a staircase to the Crypt.
 45627 | Vaults:3 | Identified the amulet of Ythiutro {Reflect SH+5 SInv}
 45994 | D:6      | Bought a spiked scale mail for 279 gold pieces
 45994 | D:6      | Identified the +0 scale mail of the Tundras {Regen+ Dex+4}
                  | (You bought it in a shop on level 6 of the Dungeon)
 46699 | Vaults:3 | Your ally Donald died
 46700 | Vaults:3 | Noticed a dread lich
 47226 | Vaults:3 | Paralysed by a dread lich for 3 turns
 47230 | Vaults:3 | Killed a dread lich
 47420 | Vaults:3 | Found the +8 storm bow {elec, penet}
 47721 | Vaults:3 | Identified the ring "Gomuimes" {rElec Str+6 Int+5}
 49188 | Vaults:4 | Found Yler Ydgh's Weapon Shop.
 49206 | Vaults:4 | Found a runed translucent door.
 49206 | Vaults:4 | Noticed Ohauren's ghost (adept GnHu)
 49222 | Vaults:4 | Reached skill level 15 in Fighting
 49796 | Vaults:4 | Noticed Bai Suzhen
 49818 | Vaults:4 | Killed Bai Suzhen
 49818 | Vaults:4 | Enslaved Bai Suzhen
 49837 | Vaults:4 | Reached XP level 22. HP: 110/140 MP: 3/35
 49839 | Vaults:4 | Reached skill level 15 in Shields
 49863 | Vaults:4 | Your ally Bai Suzhen died
 50205 | Vaults:4 | Reached skill level 10 in Air Magic
 50433 | Vaults:4 | Reached skill level 1 in Ranged Weapons
 51461 | Vaults:4 | Identified the amulet "Oriuthrel" {Acrobat rF- rC+++ Regen+
                  | Dex+4}
 51991 | Depths:1 | Entered Level 1 of the Depths
 52116 | Depths:1 | Found a gateway to Hell.
 52142 | Depths:1 | Identified the +7 quarterstaff "Guabyll" {drain, rPois
                  | Dex+3 Stlth+}
 52195 | Depths:1 | Found a magical portal.
 52208 | WizLab   | Entered Iskenderun's Mystic Tower
 53727 | WizLab   | Reached skill level 5 in Ranged Weapons
 54221 | WizLab   | Got Iskenderun's Commentary on Trauma
 54221 | WizLab   | Got Iskenderun's Directory of Traumaturgy
 54429 | Depths:1 | Found a one-way gate to the infinite horrors of the Abyss.
 54614 | Depths:1 | Gained mutation: You are frail. (-10% HP) [a shining eye]
 55181 | Depths:1 | Noticed Mara
 55192 | Depths:1 | Killed Mara
 55370 | Depths:1 | Your ally Mara died
 55676 | Depths:1 | Reached skill level 15 in Dodging
 55979 | Depths:1 | Found an ancient bone altar of Kikubaaqudgha.
 56425 | Depths:1 | Found a sparkling altar of Nemelex Xobeh.
 56475 | Depths:2 | Found a stormy altar of Qazlal.
 56699 | Depths:2 | Found a one-way gate leading to the halls of Pandemonium.
 56772 | Depths:2 | Reached XP level 23. HP: 102/129 MP: 1/36
 56988 | Depths:2 | Reached skill level 10 in Ranged Weapons
 57926 | Depths:2 | Noticed a golden dragon
 57947 | Depths:2 | Killed a golden dragon
 57947 | Depths:2 | Enslaved a golden dragon
 57948 | Depths:2 | Paralysed by a vampire knight for 5 turns
 57953 | Depths:2 | Mangled by a vampire knight

Illustrated notes

Levels and vault maps discovered:
D:1:      spicycebolla_arrival_risky_transporter, layout_loops_corners,
          minmay_3d_cube
D:2:      layout_basic, basic_altar, serial_glass, glass_columns_b,
          glass_columns_c, hangedman_decor_slide_cut, feat_on_display
D:3:      layout_basic, mainiacjoe_overflow_24_doors, minmay_distorted
D:4:      cheibrodos_fertilizer, layout_layer_cave, chequers_garden,
          grunt_ministairs_11, minmay_cupped, uniq_natasha, uniq_pikel
D:5:      dreamdust_elfheim, layout_cave_pools
D:6:      layout_cave_pods, gammafunk_ghost_stat_death, serial_shops, shop,
          serial_bayou_lagoon_a, sword_in_stone
D:7:      layout_cave_pods, general_overflow_altar, minmay_temple_entry_arrows,
          nicolae_shop_overcharged_wands
D:8:      layout_basic, minmay_lair_entry_grove, chequers_serial_rivers_room_b,
          glass_columns_c
D:9:      layout_loops_ring, nzn_hepliaklqana_mist_gate, ashenzari_altar_1,
          serial_shops, shop, uniq_joseph
D:10:     cheibrodos_iron_armory, layout_basic, orc_0_dummy
D:11:     layout_long_grid
D:12:     nzn_winding_woodlands_stair_trap [nzn_winding_woodlands_5x15_crooked,
          nzn_winding_woodlands_5x15_default, nzn_winding_woodlands_5x15_cabin,
          nzn_winding_woodlands_15x15_eel_pit,
          nzn_winding_woodlands_5x15_parted,
          nzn_winding_woodlands_5x15_split_checker,
          nzn_winding_woodlands_5x15_eye], layout_basic, uniq_josephine
D:13:     layout_basic, erik_vaults_2, uniq_snorg
D:14:     layout_stronghold, chequers_decorated_corner
D:15:     hangedman_depths_entry_civil_slaughter, layout_small_grid,
          serial_shops, bzr_entry_gold, chequers_jeans,
          nicolae_nh_oracle_at_delphi, uniq_louise, uniq_kirke
Temple:   mainiacjoe_temple_coin_purse
Lair:1:   layout_layer_cave, gammafunk_ghost_necromancy
Lair:2:   layout_big_grid, elwin_shoals_entry_stream,
          infiniplex_staircase_pool_2
Lair:3:   layout_small_grid, minmay_snake_entry_guardpost_large,
          pdpol_lair_cabin_in_the_woods, uniq_amaemon
Lair:4:   layout_regular_city, dpeg_slime_entry_corner
Lair:5:   evilmike_catoblepas_cave, layout_long_grid, infiniplex_staircase_pool
Shoals:1: layout_shoals, serial_shops, nicolae_shop_hallway_plus,
          nicolae_shop_hallway_plus, shop, nicolae_take_the_stairs,
          nicolae_shoals_gull_way
Shoals:2: nicolae_shoals_island_circles, layout_shoals,
          nicolae_shoals_seven_spires
Shoals:3: layout_shoals, nzn_prometheus_bound
Shoals:4: shoals_end_hellmonk_lost_city
Snake:1:  layout_layer_cave, serial_shops, nicolae_shop_hallway_plus,
          uniq_roxanne
Snake:2:  layout_chambers, serial_shops, shop_statue, nicolae_shop_hallway_plus,
          basic_altar, uniq_jorgrun, uniq_donald
Snake:3:  layout_layer_cave, serial_shops, nicolae_shop_waterfront,
          gammafunk_ghost_abyssal_escape, lemuel_fruit_tree,
          serial_bayou_shore_b, grunt_megastairs_5, minmay_shop_grove
Snake:4:  johnstein_snake_rune_scales, layout_cave_town,
          nicolae_triple_integral, uniq_mlioglotl
Orc:1:    layout_caves, basic_altar, kennysheep_orc_sif_temple
Orc:2:    grunt_orc_gardens, layout_diamond_mine, grunt_orc_garden,
          grunt_orc_garden, grunt_orc_garden, grunt_orc_garden
Elf:1:    eino_elf_arrival_the_gate, layout_geoelf_octagon,
          portal_ice_cave_entry_ice_statue_two, serial_shops, shop,
          portal_desolation_entry_nicolae_forbidding_blocks,
          hangedman_elven_crosses_minicolossus
Elf:2:    nicolae_elf_blades_splatter_lattice
          [nicolae_blade_entry_crossed_weapons], layout_loops_corners,
          nicolae_trove_entry_columns
Elf:3:    minmay_elf_hall, layout_onion_city
Vaults:1: grunt_vaults_bifocal, v_misc_16, v_pattern_5,
          nicolae_vaults_little_squares_6, nicolae_vaults_big_ls,
          vaults_mumra_hexcomb, hangedman_vaults_slice,
          nicolae_vaults_angled_halls, st_smaller_cells,
          ontoclasm_vaults_claustrophobia, nicolae_vaults_diagonal_hallway_9,
          layout_vaults_big_room, serial_shops, shop, uniq_aizul
Vaults:2: v_misc_3, vaults_mumra_hex, v_misc_27, hangedman_vaults_maws,
          v_rooms_2, minmay_crypt_entry_simple_round, grunt_vaults_diagonal,
          vaults_mumra_bighexcomb, v_misc_28, vaults_dpeg_diagonal,
          vaults_room_pools, layout_vaults_omnicross
Vaults:3: grunt_vaults_funnel, nicolae_vaults_alarming,
          nicolae_vaults_rhombus_7, v_alt_pattern_4, vaults_mumra_lcd,
          v_misc_30, v_alt_pattern_2, minmay_guarded_unrand_secular_launcher,
          ontoclasm_vaults_pinch, nicolae_vaults_theta, v_misc_18,
          grunt_vaults_hallway_short, ontoclasm_vaults_shuriken,
          hangedman_vaults_capsules, grunt_vaults_hallway_short,
          layout_vaults_ring
Vaults:4: gammafunk_ghost_grave, vaults_standard_mumra_enter_the_diamond,
          v_misc_9, ontoclasm_vaults_decontamination, nicolae_vaults_triangles,
          nicolae_vaults_little_ls, vaults_room_corners,
          nicolae_vaults_diagonal_hallway_9, vaults_room_guarded_vault,
          vaults_room_pools, layout_vaults_omnigrid, serial_shops,
          nicolae_shop_competitors_out_of_business, uniq_bai_suzhen
Depths:1: layout_roguey, infiniplex_enter_wizlab_spiral, lightli_too_deep,
          kiku_gazebo_garden_becter, hangedman_abyss_entry_splay,
          minmay_misc_feat_rows, nemelex_lonely_heart_becter, uniq_mara
Depths:2: hangedman_box_tower, layout_honeycomb, pan_entry, tso_altar,
          pf_hell_entry_tar_river, grunt_qazlal_clouds, uniq_grunn

Skill      XL: |  1  2  3  4  5  6  7  8  9 10 11 12 13 14 15 16 17 18 19 20 21 22 23 |
---------------+----------------------------------------------------------------------+-----
Stealth        | 1 2 3 4 5 8 9 10 | 10.0
Long Blades    | 3 4 5 6 9 10 11 12 13 14 15 16 | 16.0
Fighting       | 3 5 6 8 10 12 14 15 | 15.0
Evocations     | 2 3 5 7 10 12 | 12.0
Armour         | 3 5 6 8 9 10 11 | 11.0
Dodging        | 3 6 8 10 11 13 15 | 15.0
Translocations | 3 5 6 7 9 10 11 12 13 14 | 14.0
Invocations    | 2 5 6 7 9 11 13 15 16 | 16.0
Shields        | 5 8 9 10 11 12 13 14 15 | 15.0
Air Magic      | 2 5 6 8 9 10 | 10.0
Spellcasting   | 5 6 |  6.0
Ranged Weapons | 9 11 | 11.9
Throwing       | |  1.0

Action                   |  1- 3 |  4- 6 |  7- 9 | 10-12 | 13-15 | 16-18 | 19-21 | 22-24 || total
-------------------------+-------+-------+-------+-------+-------+-------+-------+-------++-------
Melee: Falchion          |    87 |    55 |    21 |   219 |    33 |       |       |       ||   415
       Peck              |     7 |    29 |    31 |   182 |   262 |    50 |    83 |    81 ||   725
       Kick              |    11 |    58 |    67 |   297 |   422 |    82 |   126 |   114 ||  1177
       Dagger            |       |   143 |    87 |   393 |   296 |       |       |       ||   919
       Punch             |       |     3 |     2 |     6 |       |       |       |       ||    11
       Long sword        |       |       |    85 |    55 |       |       |       |       ||   140
       Scimitar          |       |       |       |       |    71 |       |       |       ||    71
       Double sword      |       |       |       |       |   638 |  1007 |  1471 |   756 ||  3872
       Rapier            |       |       |       |       |       |     3 |     1 |       ||     4
 Fire: Greatsling        |       |       |       |       |       |       |     2 |     5 ||     7
Throw: Dart              |       |       |     4 |     2 |     3 |       |       |       ||     9
       Boomerang         |       |       |       |     1 |     3 |       |       |       ||     4
       Throwing net      |       |       |       |       |       |       |     1 |       ||     1
 Cast: Manifold Assault  |       |       |       |       |    85 |   534 |   689 |   346 ||  1654
       Blink             |       |       |       |       |     1 |       |     4 |       ||     5
       Vhi's Electric Ch |       |       |       |       |       |       |     4 |     1 ||     5
       Lesser Beckoning  |       |       |       |       |       |       |     1 |       ||     1
       Passage of Golubr |       |       |       |       |       |       |       |     1 ||     1
Invok: Recall Undead Har |       |       |       |     8 |    29 |    25 |    28 |    15 ||   105
       Dark Bargain      |       |       |       |     1 |     1 |     1 |       |       ||     3
       Bind Soul         |       |       |       |       |     2 |     1 |     2 |     2 ||     7
Evoke: Wand              |       |       |     8 |     7 |     4 |       |     7 |     3 ||    29
       Condenser vane    |       |       |       |       |       |     2 |     2 |     1 ||     5
       Box of beasts     |       |       |       |       |       |     1 |     2 |     1 ||     4
       Phantom mirror    |       |       |       |       |       |       |     1 |     2 ||     3
  Use: Scroll            |       |       |     6 |     7 |    21 |     8 |    13 |     2 ||    57
       Potion            |       |       |       |       |     2 |     2 |    13 |       ||    17
 Stab: Sleeping          |     6 |     9 |    11 |    12 |    27 |     5 |     1 |     3 ||    74
       Distracted        |       |       |       |     6 |    21 |     9 |     6 |     9 ||    51
       Invisible         |       |       |       |     3 |       |       |       |     1 ||     4
       Petrified         |       |       |       |       |     2 |       |       |       ||     2
       Held in net/web   |       |       |       |       |       |       |     2 |       ||     2
Armor: Leather armour    |    18 |    30 |       |       |       |       |       |       ||    48
       Ring mail         |       |    20 |    43 |   103 |   156 |    38 |    80 |       ||   440
       Scale mail        |       |       |       |       |       |       |    17 |    44 ||    61
Dodge: Dodged            |    52 |   110 |    82 |   343 |   399 |   158 |   292 |   135 ||  1571
       Repelled          |       |       |     1 |       |       |       |       |       ||     1
Block: Kite shield       |       |       |       |    92 |   556 |   188 |   328 |   215 ||  1379
       Reflection        |       |       |       |       |       |       |     3 |     8 ||    11

Table legend: (Time is in decaauts)
 A = Elapsed time spent in this place.
 B = Non-inter-level travel time spent in this place.
 C = Inter-level travel time spent in this place.
 D = Time resting spent in this place.
 E = Time spent auto-exploring this place.
 F = Levels seen in this place.
 G = Mean time per level.
                   A        B        C        D        E       F      G
               +--------+--------+--------+--------+--------+-----+--------+
         Total |  53735 |  49542 |   4193 |  10101 |  28986 |  43 | 1249.7 |
       Dungeon |  17590 |  15123 |   2467 |   1968 |   9491 |  15 | 1172.7 |
        Temple |    103 |     89 |     14 |      0 |     75 |   1 |  103.0 |
          Lair |   5881 |   5403 |    478 |    614 |   3279 |   5 | 1176.2 |
        Shoals |   4206 |   3990 |    216 |    843 |   2353 |   4 | 1051.5 |
     Snake Pit |   6890 |   6624 |    266 |   1289 |   4232 |   4 | 1722.5 |
  Orcish Mines |   1311 |   1185 |    126 |    139 |    729 |   2 |  655.5 |
   Elven Halls |   2159 |   1978 |    181 |    200 |   1401 |   3 |  719.7 |
        Vaults |   8474 |   8092 |    382 |   2193 |   4912 |   4 | 2118.5 |
        Depths |   3728 |   3669 |     59 |   1336 |   1693 |   2 | 1864.0 |
        Bazaar |     52 |     52 |      0 |      0 |      6 |   1 |   52.0 |
        Wizlab |   1974 |   1974 |      0 |   1305 |    356 |   1 | 1974.0 |
    Desolation |   1363 |   1363 |      0 |    209 |    454 |   1 | 1363.0 |
               +--------+--------+--------+--------+--------+-----+--------+

Top non-repeatable levels by time:
Vaults:4: 2912 daAuts
Vaults:3: 2524 daAuts
Depths:1: 2297 daAuts
    D:14: 2014 daAuts
 Snake:3: 1988 daAuts
     D:4: 1975 daAuts
  WizLab: 1974 daAuts
 Snake:4: 1915 daAuts
Vaults:1: 1668 daAuts
 Snake:1: 1560 daAuts
  Lair:5: 1517 daAuts
  Lair:1: 1487 daAuts
Depths:2: 1430 daAuts
 Snake:2: 1424 daAuts
Vaults:2: 1368 daAuts
